[gd_scene load_steps=22 format=2]

[ext_resource path="res://gameplay/entity/creature/Creature.tscn" type="PackedScene" id=1]
[ext_resource path="res://asset/sprite/colored_transparent_packed.png" type="Texture" id=2]
[ext_resource path="res://gameplay/ability/Ability.tscn" type="PackedScene" id=3]
[ext_resource path="res://gameplay/property/ai/striker/Striker.tscn" type="PackedScene" id=4]
[ext_resource path="res://gameplay/command/SelectTile.gd" type="Script" id=5]
[ext_resource path="res://gameplay/command/OnTarget.gd" type="Script" id=6]
[ext_resource path="res://gameplay/property/lifeform/Living.tscn" type="PackedScene" id=7]
[ext_resource path="res://gameplay/property/lifeform/Organic.tscn" type="PackedScene" id=8]
[ext_resource path="res://gameplay/property/ai/RandomWalk.tscn" type="PackedScene" id=9]
[ext_resource path="res://gameplay/entity/monster/pursuer/Pursuer.tscn" type="PackedScene" id=10]
[ext_resource path="res://gameplay/ability/Walk.tscn" type="PackedScene" id=11]
[ext_resource path="res://gameplay/command/IfSucceded.gd" type="Script" id=12]
[ext_resource path="res://gameplay/command/NewEffect.gd" type="Script" id=13]
[ext_resource path="res://gameplay/command/OnSelf.gd" type="Script" id=14]
[ext_resource path="res://gameplay/command/LockTargetEntity.gd" type="Script" id=15]
[ext_resource path="res://gameplay/common/MovementProfile.gd" type="Script" id=16]

[sub_resource type="AtlasTexture" id=1]
atlas = ExtResource( 2 )
region = Rect2( 480, 128, 16, 16 )

[sub_resource type="Resource" id=2]
resource_local_to_scene = true
resource_name = "MovementProfile"
script = ExtResource( 16 )
mask = 1
operation = 0

[sub_resource type="Resource" id=3]
resource_name = "MovementProfile"
script = ExtResource( 16 )
mask = 1
operation = 0

[sub_resource type="Resource" id=4]
resource_name = "MovementProfile"
script = ExtResource( 16 )
mask = 0
operation = 0

[sub_resource type="Resource" id=5]
resource_name = "MovementProfile"
script = ExtResource( 16 )
mask = 0
operation = 0

[node name="Boss" groups=[
"monster",
] instance=ExtResource( 1 )]
modulate = Color( 0.196078, 1, 0, 1 )
texture = SubResource( 1 )
entity_name = "Juggernaut"
movement_profile = SubResource( 2 )

[node name="Destructible" parent="." index="2"]
max_hp = 10

[node name="Living" parent="." index="4" instance=ExtResource( 7 )]

[node name="Organic" parent="." index="5" instance=ExtResource( 8 )]

[node name="Striker" parent="." index="6" instance=ExtResource( 4 )]
INFO = "dash & gore (IMPACT 2)"

[node name="Ability" parent="Striker" index="0" instance=ExtResource( 3 )]
is_action = true
action_speed_modifier = -2

[node name="SelectTile" type="Node" parent="Striker/Ability" index="0"]
script = ExtResource( 5 )
RANGE = 4
INCLUSIVE = false
custom_movement_profile = false
movement_profile = SubResource( 3 )

[node name="LockTargetEntity" type="Node" parent="Striker/Ability" index="1"]
script = ExtResource( 15 )

[node name="OnSelf" type="Node" parent="Striker/Ability" index="2"]
script = ExtResource( 14 )

[node name="DashToTarget" type="Node" parent="Striker/Ability/OnSelf" index="0"]
script = ExtResource( 13 )
effect_type = "MoveEffect"
tile = 1
movement_profile = SubResource( 4 )
trait/relative = false

[node name="IfSucceeded" type="Node" parent="Striker/Ability" index="3"]
script = ExtResource( 12 )
command_path = NodePath("../OnSelf")

[node name="OnTarget" type="Node" parent="Striker/Ability/IfSucceeded" index="0"]
script = ExtResource( 6 )
TARGET = 2
movement_profile = SubResource( 5 )

[node name="Gore" type="Node" parent="Striker/Ability/IfSucceeded/OnTarget" index="0"]
script = ExtResource( 13 )
effect_type = "EnergyEffect"
value = 0
value_constant = 2
trait/impact = true
trait/fire = false
trait/shock = false
trait/life = false

[node name="Pursuer" parent="." index="7" instance=ExtResource( 10 )]

[node name="Walk" parent="Pursuer" index="0" instance=ExtResource( 11 )]

[node name="RandomWalk" parent="." index="8" instance=ExtResource( 9 )]

[node name="Walk" parent="RandomWalk" index="0" instance=ExtResource( 11 )]
